 Dungeon Crawl Stone Soup version 0.27.0 (webtiles) character file.

Game seed: 16847899234237986011

119 backslashecho the Covered (level 4, 0/40 HPs)
             Began as a Minotaur Fighter on July 31, 2021.
             Killed by nerve-wracking pain
             ... invoked by Grinder
              (1 damage)
             ... on level 3 of the Dungeon.
             The game lasted 00:01:23 (1169 turns).

backslashecho the Covered (Minotaur Fighter)        Turns: 1169, Time: 00:01:23

Health: 0/40       AC:  8    Str: 21    XL:     4   Next: 74%
Magic:  3/3        EV:  7    Int:  5    God:
Gold:   41         SH:  9    Dex: 10    Spells: 3/3 levels left

rFire    . . .     SeeInvis .   a - +0 war axe
rCold    . . .     Faith    .   c - +0 kite shield
rNeg     . . .     Spirit   .   b - +0 scale mail
rPois    .         Reflect  .   (helmet restricted)
rElec    .         Harm     .   (no cloak)
rCorr    .         Rampage  .   (no gloves)
Will     .....                  e - +0 pair of boots
Stlth    ..........             (no amulet)
HPRegen  0.13/turn              (no ring)
MPRegen  0.08/turn              (no ring)

@: mighty
A: horns 2, retaliatory headbutt
a: no special abilities


You were on level 3 of the Dungeon.
You visited 1 branch of the dungeon, and saw 3 of its levels.

You collected 41 gold pieces.

Inventory:

Hand Weapons
 a - a +0 war axe (weapon)
Armour
 b - a +0 scale mail (worn)
 c - a +0 kite shield (worn)
 e - a +0 pair of boots (worn)
Scrolls
 g - a scroll of noise {unknown}
 h - a scroll of identify {unknown}
Potions
 f - 2 potions of heal wounds {unknown}
 i - a potion of magic {unknown}


   Skills:
 + Level 4.3 Fighting
 * Level 4.2 Axes
 + Level 4.3 Armour
 + Level 4.3 Shields
 - Level 1.0 Unarmed Combat


You had 3 spell levels left.
You didn't know any spells.
Your spell library contained the following spells:

 Spells                   Type           Power      Damage    Failure   Level
 Corpse Rot               Necr/Air       N/A        N/A       100%        2
 Dispel Undead            Necr           0%         3d6       100%        4
 Death Channel            Necr           0%         N/A       100%        6


Dungeon Overview and Level Annotations

Branches:
Dungeon (2/15)

Altars:
Cheibriados

Shops:
D:1 [

Annotations:
D:3 Grinder


Innate Abilities, Weirdness & Mutations

You have a pair of horns on your head.
You reflexively headbutt those who attack you in melee.


Message History

The ogre shouts!
You hear a shout!
Grinder comes into view.
You hit the ogre.
The ogre is moderately wounded.
The ogre hits you with a +0 giant club!!
Ouch! That really hurt!
* * * LOW HITPOINT WARNING * * *
You take 24 damage, and have 9/33 hp.
MASSIVE DAMAGE!!
You are too injured to fight recklessly!
You are too injured to fight recklessly!
You feel very mighty all of a sudden. The ogre hits you with a +0 giant club.
* * * LOW HITPOINT WARNING * * *
You take 1 damage, and have 9/33 hp.
You slash the ogre! Your headbutt misses the ogre.
The ogre is severely wounded.
You block the ogre's attack.
You completely miss the ogre.
The ogre is severely wounded.
You block the ogre's attack.
You slash the ogre!
You kill the ogre!
Your Fighting skill increases to level 4!
Your Axes skill increases to level 4!
Your Armour skill increases to level 4!
Your Shields skill increases to level 4!
You have reached level 4!
You feel agile.
You regained 3 hp, and now have 12/40 hp.
MP restored: 3 Grinder hits you.
* * * LOW HITPOINT WARNING * * *
You writhe in agony.
* * * LOW HITPOINT WARNING * * *
You see here a +0 giant club.
You take 11 damage, and have 1/40 hp.
MASSIVE DAMAGE!!
You hit Grinder.
Grinder is lightly wounded.
Grinder gestures at you. Pain shoots through your body!
You die...

#. #. # #. #.# #. #.
#.## ... ###.##.#
#..# #.#
#......#####.##...#
#.................#
##......#####.##.#.#
...........##@#....#
............5......#
...........##.#...##
#......#####.#####
#......# #.#
#..5...# #.#
#......## #.#
....... ... .......
#..


You could see Grinder.

Vanquished Creatures
  An ogre (D:3)
  3 dart slugs (D:1)
  4 endoplasms (D:1)
  A giant cockroach (D:1)
  2 goblins (D:1)
  A hobgoblin (D:1)
  3 jackals (D:2)
  A quokka (D:1)
  4 ball pythons (D:1)
  4 bats (D:1)
  2 frilled lizards (D:1)
  A kobold (D:1)
  2 rats (D:1)
29 creatures vanquished.

Notes
Turn   | Place    | Note
-------+----------+-------------------------------------------
     0 | D:1      | backslashecho the Minotaur Fighter began the quest for the
                  | Orb.
     0 | D:1      | Reached XP level 1. HP: 19/19 MP: 0/0
   231 | D:1      | Reached XP level 2. HP: 27/27 MP: 1/1
   269 | D:1      | Found Gofup's Antique Armour Boutique.
   488 | D:1      | Found a faded altar of an unknown god.
   646 | D:1      | Reached skill level 1 in Unarmed Combat
   792 | D:1      | Reached XP level 3. HP: 33/33 MP: 2/2
  1131 | D:2      | Found a snail-covered altar of Cheibriados.
  1141 | D:2      | You fall into a shaft and drop 1 floor!
  1153 | D:3      | Noticed an ogre
  1155 | D:3      | Noticed Grinder
  1167 | D:3      | Killed an ogre
  1168 | D:3      | Reached XP level 4. HP: 12/40 MP: 3/3
  1168 | D:3      | HP: 1/40 [Grinder (5)]
  1169 | D:3      | Killed from afar by Grinder

Illustrated notes

Levels and vault maps discovered:
D:1:      saegor_arrival_simple_e, layout_loops_cross,
          dreamdust_ecumenical_altar_hidden_monk_grotto, serial_shops,
          nicolae_shop_statue_plus, minmay_misc_feat_four_crosses,
          patterned_corridor
D:2:      layout_basic, serial_shops, nicolae_diamond_shop, basic_altar
D:3:      layout_loops_ring, gammafunk_temple_overflow_forgotten, uniq_robin,
          uniq_grinder

Skill      XL: |  1  2  3 |
---------------+----------+-----
Axes           | 3 4 |  4.2
Unarmed Combat | 1 |  1.0
Fighting       | 4 |  4.3
Armour         | 4 |  4.3
Shields        | 4 |  4.3

Action                   |  1- 3 |  4- 6 || total
-------------------------+-------+-------++-------
Melee: War axe           |    57 |     1 ||    58
       Headbutt          |     7 |       ||     7
  Use: Potion            |     1 |       ||     1
Armor: Scale mail        |    24 |       ||    24
Dodge: Dodged            |    17 |       ||    17
Block: Kite shield       |    26 |       ||    26
